 Dungeon Crawl Stone Soup version 0.30-b1-2-g02819fbbbe (webtiles) character file.

Game seed: 18345734026439852899

1214 raph the Geomancer (level 8, 0/41 HPs)
             Began as a Deep Elf Earth Elementalist on May 8, 2023.
             Was an Initiate of Sif Muna.
             Shot with an arrow by a centaur (6 damage)
             ... on level 6 of the Dungeon.
             The game lasted 00:13:46 (8960 turns).

raph the Geomancer (Deep Elf Earth Elementalist)    Turns: 8960, Time: 00:13:47

Health: 0/41       AC:  7    Str:  5    XL:     8   Next: 22%
Magic:  10/17      EV: 12    Int: 23    God:    Sif Muna [......]
Gold:   289        SH:  5    Dex: 11    Spells: 1/16 levels left

rFire   . . .        a - +2 dagger (drain)
rCold   . . .        (no shield)
rNeg    . . .        i - +1 robe
rPois   +            w - +2 hat
rElec   .            (no cloak)
rCorr   +            (no gloves)
SInv    .            j - +1 pair of boots
Will    .....        o - amulet of reflection
Stlth   +++          E - ring of wizardry
HPRegen 0.26/turn    d - ring "Kaubich" {rPois rCorr Dex-4 Slay+4 Stlth+}
MPRegen 0.15/turn

%: reflection, wizardry (x1)
@: no status effects
A: no striking features
a: Renounce Religion


You were on level 6 of the Dungeon.
You worshipped Sif Muna.
Sif Muna was noncommittal.
You visited 2 branches of the dungeon, and saw 7 of its levels.
You also visited: Sewer.

You collected 334 gold pieces.
You spent 45 gold pieces at shops.

Inventory:

Hand Weapons
 a - a +2 dagger of draining (weapon)
 c - a +0 short sword
 q - a +0 short sword of speed
 y - a +0 rapier
Missiles
 n - 14 poisoned darts
 B - 3 boomerangs of dispersal
Armour
 i - a +1 robe (worn)
 j - a +1 pair of boots (worn)
 w - a +2 hat (worn)
Jewellery
 d - the ring "Kaubich" (right hand) {rPois rCorr Dex-4 Slay+4 Stlth+}
   (You took it off a gnoll on level 3 of the Dungeon)

   [ring of poison resistance]

   Dex:       It affects your dexterity (-4).
   Slay:      It affects your accuracy & damage with ranged weapons and melee
   (+4).
   rPois:     It protects you from poison.
   rCorr:     It protects you from acid and corrosion.
   Stlth:     It makes you more stealthy.
 e - a ring of protection from fire
 l - a ring of positive energy
 o - an amulet of reflection (around neck)
 r - a ring of protection from fire
 u - a ring of fire
 E - a ring of wizardry (left hand)
Wands
 s - a wand of flame (18)
 t - a wand of roots (3)
Scrolls
 f - a scroll of vulnerability
 z - a scroll of teleportation
 A - a scroll of fog
Potions
 b - 2 potions of magic
 g - 2 potions of heal wounds
 h - 5 potions of curing
 k - 2 potions of berserk rage {unknown}
 m - 2 potions of attraction
 p - 2 potions of lignification {unknown}
 v - 4 potions of flight
 x - 5 potions of mutation
 C - 2 potions of haste
 D - a potion of cancellation {unknown}


   Skills:
 - Level 2.4 Dodging
 - Level 2.4 Stealth
 + Level 4.9 Spellcasting
 + Level 5.1 Conjurations
 - Level 1.1 Transmutations
 * Level 9.4 Earth Magic


You had one spell level left.
You knew the following spells:

 Your Spells              Type           Power      Damage    Failure   Level
a - Sandblast             Erth           98%        2d20      1%          1
b - Passwall              Tmut/Erth      24%        N/A       1%          2
c - Stone Arrow           Conj/Erth      78%        3d11      1%          3
d - Mephitic Cloud        Conj/Pois/Air  13%        N/A       6%          3
e - Petrify               Tmut/Erth      29%        N/A       4%          4
f - Poisonous Vapours     Pois/Air       10%        N/A       6%          2

Your spell library contained the following spells:

 Spells                   Type           Power      Damage    Failure   Level
 Kiss of Death            Conj/Necr      68%        2d10      1%          1
 Beastly Appendage        Tmut           20%        N/A       2%          1
 Freeze                   Ice            20%        1d4       4%          1
 Wereblood                Tmut           10%        N/A       3%          2
 Hailstorm                Conj/Ice       17%        3d6       4%          3
 Spider Form              Tmut/Pois      8%         N/A       9%          3
 Confusing Touch          Hex            5%         N/A       12%         3
 Frozen Ramparts          Ice            10%        1d2       12%         3
 Dispel Undead            Necr           5%         3d7       34%         4
 Freezing Cloud           Conj/Ice/Air   6%         6-21      45%         5


Dungeon Overview and Level Annotations

Branches:
Dungeon (6/15)             Temple (1/1) D:5           Sewer (visited)

Altars:
Dithmenos
Elyvilon
Fedhas
Gozag
Hepliaklqana
Kikubaaqudgha
Makhleb
Nemelex Xobeh
Okawaru
Qazlal
Ru
Sif Muna
Trog
Uskayaw
Vehumet
Wu Jian
Xom
Zin
The Shining One

Shops:
D:5 [

Annotations:
D:3 Sigmund


Message History

Press: ? - help, Dir - move target, f - hound, p - hound
Aim: a hound Poisonous vapours surround the hound!
The hound is poisoned.
The hound looks more healthy.
Casting: Poisonous Vapours (safe; 6% risk of failure)
Confirm with . or Enter, or press ? or * to list all spells.
Aiming: Poisonous Vapours (safe; 6% risk of failure)
Press: ? - help, Dir - move target, f - troll, p - hound
Aim: a troll Poisonous vapours surround the troll!
The troll is poisoned.
Casting: Poisonous Vapours (safe; 6% risk of failure)
Confirm with . or Enter, or press ? or * to list all spells.
Aiming: Mephitic Cloud (dangerous; 6% risk of failure)
Press: ? - help, Shift-Dir - straight line, p - troll The ball explodes into a vile cloud!
The stinking cloud engulfs the hound but does no damage.
The hound is heavily wounded.
The stinking cloud engulfs the troll but does no damage.
The stinking cloud engulfs the hound but does no damage.
The hound is lightly wounded.
You hear a shout! x3
Something shouts, "Scamper hence, thou venomed limp-willed vulture!"
The hound is engulfed in noxious fumes.
The hound appears confused.
The hound is engulfed in noxious fumes.
The hound appears confused.
You closely miss the troll.
The troll is lightly wounded.
The troll bites you. You block the troll's attack.
The troll closely misses you.
The hound is engulfed in noxious fumes.
The hound appears confused.
The hound bites something but does no damage.
The hound bites the troll.
The troll attacks as you move away! The troll bites you! The troll claws you.
The troll closely misses you.
The hound is engulfed in noxious fumes.
The hound appears confused.
The hound bites the troll.
The centaur shoots an arrow.
The arrow hits you!
The hound completely misses something.
The hound looks more healthy.
The centaur shoots an arrow.
The arrow hits you!
* * * LOW HITPOINT WARNING * * *
The centaur shoots an arrow.
The arrow hits you.
You die...

.######<####.#
.............#
#######.####.#
...........#
#######.##.#
#######.....#
#........####
#........####..
.......@.......
........T#####.. ..
...........# ..
........h...# ..
........ā—‹...# ..
.#....cā—‹.ā—‹h.#
..
.....#.##.#.###...
..
.##..#.............
..
...........####....


You could see a troll (poisoned), a centaur and 2 hounds.

Vanquished Creatures
  Grinder (D:3)
  An ogre (D:5)
  Blork the orc (D:5)
  A bullfrog (D:6)
  3 killer bees (D:5)
  A hound (D:5)
  A sleepcap (D:6)
  Jessica (D:2)
  2 iguanas (D:4)
  Ijyb (D:5)
  Natasha (thrice) (D:3)
  3 orc wizards
  14 adders
  4 gnolls (D:3)
  4 river rats (Sewer)
  A shadow imp (D:5)
  3 worms
  A dart slug (D:3)
  13 orcs
  15 bats
  9 endoplasms
  9 giant cockroaches
  6 goblins
  6 hobgoblins
  9 jackals
  9 kobolds
  8 quokkas
  11 ball pythons
  6 frilled lizards
  11 rats
158 creatures vanquished.

Vanquished Creatures (others)
  5 plants (D:3)
  8 withered plants (D:3)
13 creatures vanquished.

Grand Total: 171 creatures vanquished

Notes
Turn   | Place    | Note
-------+----------+-------------------------------------------
     0 | D:1      | raph the Deep Elf Earth Elementalist began the quest for
                  | the Orb.
     0 | D:1      | Reached XP level 1. HP: 10/10 MP: 6/6
   250 | D:1      | Reached XP level 2. HP: 13/15 MP: 5/8
   292 | D:1      | Reached skill level 4 in Earth Magic
   810 | D:2      | Noticed Jessica
   817 | D:2      | Killed Jessica
   818 | D:2      | Reached skill level 5 in Earth Magic
   818 | D:2      | Reached XP level 3. HP: 19/19 MP: 5/9
   853 | D:2      | Learned a level 2 spell: Passwall
   857 | D:2      | Learned a level 3 spell: Stone Arrow
  1120 | D:2      | Reached XP level 4. HP: 24/24 MP: 3/10
  1910 | D:3      | Reached skill level 1 in Conjurations
  2178 | D:3      | Learned a level 3 spell: Mephitic Cloud
  2216 | D:3      | Identified the ring "Kaubich" {rPois rCorr Dex-4 Slay+4
                  | Stlth+}
  2232 | D:3      | Reached skill level 6 in Earth Magic
  2344 | D:3      | Reached XP level 5. HP: 24/28 MP: 1/11
  2459 | D:3      | Found an iron altar of Okawaru.
  2538 | D:3      | Noticed Grinder
  2550 | D:3      | Killed Grinder
  2551 | D:3      | Reached skill level 7 in Earth Magic
  2551 | D:3      | Reached XP level 6. HP: 32/32 MP: 0/12
  2553 | D:3      | Noticed Natasha
  2884 | D:3      | Killed Natasha
  3236 | D:3      | Noticed Natasha
  3241 | D:3      | Killed Natasha
  3499 | D:3      | Noticed Natasha
  3508 | D:3      | Killed Natasha
  3797 | D:3      | Found an ancient bone altar of Kikubaaqudgha.
  3797 | D:3      | Found a blossoming altar of Fedhas.
  4160 | D:3      | Noticed Sigmund
  4404 | D:4      | Found a glowing drain.
  4408 | Sewer    | Entered a sewer
  4412 | Sewer    | Reached XP level 7. HP: 36/36 MP: 3/13
  4883 | Sewer    | Reached skill level 8 in Earth Magic
  7199 | D:5      | Entered Level 5 of the Dungeon
  7209 | D:5      | Noticed an animated pearl dragon scales
  7219 | D:5      | Found Vymadek's Armour Shoppe.
  7494 | D:5      | Noticed an animated pearl dragon scales
  7503 | D:5      | Bought a +0 pair of boots for 45 gold pieces
  7827 | D:5      | Found a staircase to the Ecumenical Temple.
  7836 | D:5      | Noticed Blork the orc
  7843 | D:5      | Killed Blork the orc
  7851 | D:5      | Reached skill level 9 in Earth Magic
  7853 | D:5      | Reached XP level 8. HP: 41/41 MP: 0/16
  7967 | Temple   | Entered the Ecumenical Temple
  8151 | Temple   | Became a worshipper of Sif Muna the Loreminder
  8236 | D:5      | Noticed Ijyb
  8242 | D:5      | Killed Ijyb
  8433 | D:5      | Found a white marble altar of Elyvilon.
  8765 | D:6      | Reached skill level 5 in Conjurations
  8875 | D:5      | Learned a level 4 spell: Petrify
  8878 | D:5      | Learned a level 2 spell: Poisonous Vapours
  8946 | D:6      | Noticed a troll
  8960 | D:6      | Shot with an arrow by a centaur

Illustrated notes

Levels and vault maps discovered:
D:1:      dpeg_arrival_circle_labyrinth_a, layout_rooms
D:2:      layout_rooms, uniq_jessica
D:3:      minmay_chambers_of_threes, layout_basic,
          grunt_temple_overflow_growth_and_decay, lemuel_doored_altar,
          uniq_grinder, uniq_sigmund, uniq_natasha
D:4:      layout_layer_cave, gup_sewer_entry_bowl
D:5:      layout_loops_ring, kennysheep_little_box,
          minmay_temple_entry_water_ring, serial_shops, nicolae_shop_mannequins,
          kennysheep_small_spiral, uniq_blork_the_orc, uniq_ijyb
D:6:      layout_basic, mainiacjoe_overflow_swirl, minmay_manual_moon
Temple:   bh_familiar_temple

Skill      XL: |  1  2  3  4  5  6  7  8 |
---------------+-------------------------+-----
Earth Magic    | 5 6 7 9 |  9.4
Conjurations   | 1 3 4 5 |  5.1
Spellcasting   | 4 |  4.9
Dodging        | |  2.4
Stealth        | |  2.4
Transmutations | |  1.1

Action                     |  1- 3 |  4- 6 |  7- 9 || total
---------------------------+-------+-------+-------++-------
  Melee: Dagger            |     1 |     2 |     4 ||     7
   Cast: Sandblast         |    38 |    21 |    43 ||   102
         Stone Arrow       |     5 |    52 |    53 ||   110
         Mephitic Cloud    |       |       |     5 ||     5
         Poisonous Vapours |       |       |     3 ||     3
  Evoke: Wand              |       |       |     5 ||     5
    Use: Scroll            |     3 |     5 |     8 ||    16
   Stab: Sleeping          |       |     1 |     1 ||     2
 Armour: Robe              |     2 |     7 |     9 ||    18
  Dodge: Dodged            |    19 |    13 |    27 ||    59
  Block: Other             |       |       |     3 ||     3
